 Dungeon Crawl Stone Soup version 0.24.0-37-gcf1ca852f1 (webtiles) character file.

Game seed: 16459759482258238235, levelgen mode: deterministic

128 H0rd4k the Magician (level 4, -5/24 HPs)
             Began as a Deep Elf Wizard on Nov 22, 2019.
             Slain by a river rat (6 damage)
             ... on level 2 of the Dungeon.
             The game lasted 00:06:45 (2115 turns).

H0rd4k the Magician (Deep Elf Wizard)               Turns: 2115, Time: 00:06:45

Health: -5/24      AC:  4    Str:  4    XL:     4   Next: 86%
Magic:  4/14       EV: 13    Int: 24    God:
Gold:   145        SH:  0    Dex: 13    Spells: 6/15 levels left

rFire    . . .     SeeInvis .   (no weapon)
rCold    . . .     Gourm    .   (no shield)
rNeg     . . .     Faith    .   a - +0 robe
rPois    .         Spirit   .   b - +0 hat
rElec    .         Reflect  .   h - +1 cloak
rCorr    .         Harm     .   (no gloves)
MR       .....                  (no boots)
Stlth    ++........             (no amulet)
HPRegen  0.08/turn              (no ring)
MPRegen  0.14/turn              (no ring)

@: no status effects
A: no striking features
a: no special abilities


You were on level 2 of the Dungeon.
You were not hungry.

You visited 1 branch of the dungeon, and saw 3 of its levels.

You collected 145 gold pieces.

Inventory:

Missiles
 q - 5 javelins (quivered)
Armour
 a - a +0 robe (worn)
 b - a +0 hat (worn)
 h - a +1 cloak (worn)
Scrolls
 c - a scroll of amnesia {unknown}
 l - a scroll of magic mapping {unknown}
 m - 2 scrolls of identify {unknown}
 o - a scroll of remove curse {unknown}
 p - a scroll of random uselessness {unknown}
Potions
 e - a potion of berserk rage {unknown}
 f - a potion of invisibility {unknown}
 g - 2 potions of might {unknown}
 i - a potion of flight {unknown}
 j - a potion of heal wounds {unknown}
 k - a potion of cancellation {unknown}
 n - 2 potions of degeneration {unknown}
Comestibles
 d - 7 rations


   Skills:
 + Level 2.8 Dodging
 + Level 3.1 Stealth
 + Level 6.3 Spellcasting
 + Level 2.8 Conjurations
   Level 1.1 Summonings
 + Level 1.1 Translocations


You had 6 spell levels left.
You knew the following spells:

 Your Spells              Type           Power        Failure   Level  Hunger
a - Magic Dart            Conj           ###.         2%          1    None
b - Blink                 Tloc           N/A          8%          2    None
c - Conjure Flame         Conj/Fire      ##......     13%         3    None
d - Mephitic Cloud        Conj/Pois/Air  ##......     16%         3    None

Your spell library contained the following spells:

 Spells                   Type           Power        Failure   Level  Hunger
 Call Imp                 Summ           ##......     8%          2    None
 Slow                     Hex            #.......     12%         2    None


Dungeon Overview and Level Annotations

Branches:
Dungeon (3/15)

Altars:
Ashenzari

Annotations:
D:1 exclusion: 2 downstairs
D:2 exclusion: downstairs, Terence


Message History

Press: ? - help, Shift-Dir - straight line The magic dart hits the river rat.
The river rat is almost dead.
The river rat closely misses you.
Casting: Magic Dart (safe; 2% risk of failure)
Confirm with . or Enter, or press ? or * to list all spells.
Aiming: Magic Dart (safe; 2% risk of failure)
Press: ? - help, Shift-Dir - straight line The magic dart hits the river rat but does no damage.
The river rat is almost dead.
The river rat bites you!
* * * LOW HITPOINT WARNING * * *
Casting: Magic Dart (safe; 2% risk of failure)
Confirm with . or Enter, or press ? or * to list all spells.
Aiming: Magic Dart (safe; 2% risk of failure)
Press: ? - help, Shift-Dir - straight line The magic dart hits the river rat but does no damage.
The river rat is almost dead.
The river rat bites you.
You die...

#.# #.@...#
#####.# #.<...#
#.....# #.....#
#.##### #.....#
#.# #.....#
###.#### #######
#....).# ###
#.#.##>#####.####
#@#.##.##.......#
#r#.....#.......##
#○####..#.........
#@####..>........#
#...@...#..>....##
#######.........#
#####...### ##.##
###


You could see Terence and a river rat.

Vanquished Creatures
  An orc priest (D:3)
  3 adders (D:2)
  An ooze (D:2)
  A worm (D:2)
  A dart slug (D:2)
  3 leopard geckos
  An orc (D:3)
  3 giant cockroaches
  3 goblins
  14 hobgoblins
  5 ball pythons
  5 bats
  4 frilled lizards
  10 kobolds
  4 rats (D:1)
59 creatures vanquished.

Notes
Turn   | Place    | Note
-------+----------+-------------------------------------------
     0 | D:1      | H0rd4k the Deep Elf Wizard began the quest for the Orb.
     0 | D:1      | Reached XP level 1. HP: 10/10 MP: 7/7
   231 | D:1      | Reached skill level 5 in Spellcasting
   231 | D:1      | Reached XP level 2. HP: 15/15 MP: 5/10
   412 | D:1      | Found a shattered altar of Ashenzari.
   873 | D:1      | Reached XP level 3. HP: 19/19 MP: 5/11
  1016 | D:2      | Noticed Terence
  1071 | D:1      | Learned a level 2 spell: Blink
  1075 | D:1      | Learned a level 3 spell: Conjure Flame
  1080 | D:1      | Learned a level 3 spell: Mephitic Cloud
  1308 | D:2      | Reached XP level 4. HP: 24/24 MP: 6/13
  1390 | D:2      | Reached skill level 6 in Spellcasting
  2114 | D:2      | HP: 1/24 [river rat (7)]
  2115 | D:2      | Slain by a river rat

Levels and vault maps discovered:
D:1:      lightli_arrival_lavapool, layout_loops_corners, ashenzari_altar_1
D:2:      layout_loops_cross, uniq_terence
D:3:      layout_rooms, first_ration, portal_sewer_entry_e,
          serial_bayou_lagoon_a, uniq_natasha

Skill      XL: |  1  2  3  4 |
---------------+-------------+-----
Spellcasting   | 5 6 |  6.3
Stealth        | 3 |  3.1
Conjurations   | 2 |  2.8
Dodging        | |  2.8
Summonings     | |  1.1
Translocations | |  1.1

Action                   |  1- 3 |  4- 6 || total
-------------------------+-------+-------++-------
Melee: Unarmed           |       |     2 ||     2
 Cast: Magic Dart        |   107 |    61 ||   168
       Conjure Flame     |       |     2 ||     2
       Blink             |       |     1 ||     1
  Eat: Chunk             |     1 |     2 ||     3
Armor: Robe              |     1 |    12 ||    13
Dodge: Dodged            |    18 |    31 ||    49
